[Event "Titled Tuesday Blitz August 16 Early 2022"]
[White "Cramling Bellon, Anna"]
[Black "Mendez Fortes, Eduardo Jesus"]
[WhiteFideId "32009232"]
[BlackFideId "3502376"]
[WhiteElo "1905"]
[BlackElo "2307"]
[Result "0-1"]
[Round "04"]
[TimeControl "180+2"]
[Date "2022.08.18"]
[WhiteClock "0:00:00"]
[BlackClock "0:00:00"]

1. d4 Nf6 2. c4 e6 3. Nc3 Bb4 4. Qc2 O-O 5. e4 d5 6. cxd5 exd5 7. e5 Ne4 8. Bd3 c5 9. Ne2 Nc6 10. O-O cxd4 11. Nxd5 Qxd5 12. Bxe4 Qxe5 13. Bxh7+ Kh8 14. Bf4 Qh5 15. Be4 Be7 16. Bxc6 bxc6 17. Qxc6 Bg4 18. Nxd4 Bf6 19. Be3 Be5 20. h3 Rac8 21. Qe4 Bd7 22. Nf3 Bxb2 23. Rad1 Bc6 24. Qf4 Bf6 25. Nd4 Ba8 26. Nf5 Rce8 27. Bd4 Re4 28. Bxf6 Rxf4 29. Nxg7 Qg6 30. Ne6+ Rxf6 31. Nxf8 Qxg2# 0-1


[Site "https://www.chess.com"]

[Event "Titled Tuesday Blitz August 16 Early 2022"]
[White "Cruz Mendez, Jean Marco"]
[Black "Martinez Reyes, Pedro Ramon"]
[WhiteFideId "3526402"]
[BlackFideId "3901807"]
[WhiteElo "2064"]
[BlackElo "2327"]
[Result "1/2-1/2"]
[Round "04"]
[TimeControl "180+2"]
[Date "2022.08.18"]
[WhiteClock "0:00:00"]
[BlackClock "0:00:00"]

1. e4 c6 2. Nf3 g6 3. d3 Bg7 4. Nc3 b5 5. Be2 d5 6. exd5 b4 7. Ne4 cxd5 8. Nc5 Nd7 9. Nxd7 Bxd7 10. O-O Nh6 11. a3 bxa3 12. Rxa3 O-O 13. c3 a5 14. d4 Nf5 15. Bf4 Qb6 16. Qd2 Nd6 17. Rfa1 a4 18. Ne5 Bb5 19. h3 Bxe2 20. Qxe2 Bxe5 21. dxe5 Nc4 22. Rxa4 Rxa4 23. Rxa4 Qxb2 24. Qf3 Qb1+ 25. Kh2 Qf5 26. g4 Qe6 27. Qg3 f6 28. exf6 Qxf6 29. Be3 e5 30. Ra2 d4 31. cxd4 exd4 32. g5 Qg7 33. Bf4 Qd7 34. Re2 d3 35. Re1 d2 36. Rd1 Qd4 37. Be3 Nxe3 38. Qxe3 Qxe3 39. fxe3 Rf2+ 40. Kg3 Re2 41. Kf3 Rh2 42. e4 Rxh3+ 43. Kf4 Rh2 44. Ke3 Kf7 45. Rxd2 Rh1 46. Kf4 Ke6 47. Ra2 Rf1+ 48. Ke3 Rg1 49. Ra6+ Ke5 50. Ra5+ Ke6 51. Kf4 Rf1+ 52. Kg4 Rg1+ 53. Kf3 Rf1+ 54. Ke2 Rg1 55. Ke3 Rg3+ 56. Kd4 Rg1 57. Ra7 Rd1+ 58. Ke3 Re1+ 59. Kf3 Rf1+ 60. Ke2 Rg1 61. Ra5 Rg3 62. Kf2 Rb3 63. Ra7 Ke5 64. Rxh7 Kxe4 65. Rf7 Rh3 66. Kg2 Rc3 67. Rf6 Rc5 68. Rxg6 Kf4 69. Kh3 Rxg5 70. Rf6+ Rf5 71. Rh6 Rg5 72. Rh4+ Kf5 73. Ra4 Kg6 74. Ra6+ Kh5 75. Ra4 Rc5 76. Rh4+ Kg5 77. Rg4+ Kh5 78. Ra4 Kg5 79. Rg4+ Kh5 80. Rh4+ Kg5 81. Rg4+ 1/2-1/2


[Site "https://www.chess.com"]

[Event "Titled Tuesday Blitz August 16 Early 2022"]
[White "Csonka, Balazs"]
[Black "Adewumi, Tanitoluwa"]
[WhiteFideId "742910"]
[BlackFideId "30966396"]
[WhiteElo "2404"]
[BlackElo "2302"]
[Result "1/2-1/2"]
[Round "04"]
[TimeControl "180+2"]
[Date "2022.08.18"]
[WhiteClock "0:00:00"]
[BlackClock "0:00:00"]

1. c4 e5 2. g3 Nc6 3. Bg2 g6 4. Nc3 Bg7 5. e3 d6 6. Nge2 Nf6 7. O-O O-O 8. Rb1 Be6 9. Nd5 Ne7 10. Qb3 c6 11. Nxf6+ Bxf6 12. Qc2 b5 13. b3 Rc8 14. Rd1 d5 15. Ba3 c5 16. cxb5 Qa5 17. Bxc5 Qxb5 18. d4 exd4 19. exd4 Bf5 20. Qd2 Bxb1 21. Rxb1 Rfe8 22. Nc3 Qd7 23. Bxe7 Qxe7 24. Nxd5 Qd6 25. h4 Bg7 26. Rd1 Rcd8 27. b4 Kh8 28. b5 Qd7 29. a4 Qf5 30. Ne3 Qf6 31. d5 h5 32. Qd3 Bh6 33. Nc4 Rc8 34. d6 Red8 35. Bh3 Rc5 36. Na5 Bf8 37. Nb7 Rc3 38. Qxc3 Qxc3 39. Nxd8 Qc2 40. Rd5 Qc4 41. Bg2 Kg7 42. d7 Qc1+ 43. Kh2 Be7 44. Nc6 Bf6 45. d8=Q Bxd8 46. Rxd8 Qc4 47. Rd7 Qxa4 48. Ne5 Qxb5 49. Rxf7+ Kg8 50. f4 a5 51. Rd7 Kf8 52. Nxg6+ Ke8 53. Ne5 a4 54. Ra7 Qb2 55. Rxa4 Qc2 56. Ra8+ Ke7 57. Ra7+ Kf6 58. Ra6+ Kf5 59. Rh6 Qe2 60. Nf3 Qe3 61. Rxh5+ Kf6 62. Rh6+ Kf5 63. Rh5+ Kf6 64. Re5 Qf2 65. Ng5 Kg6 66. Re6+ Kh5 67. Kh3 Qxg3+ 68. Kxg3 1/2-1/2


[Site "https://www.chess.com"]

[Event "Titled Tuesday Blitz August 16 Early 2022"]
[White "Daianu, Cristian-Clement"]
[Black "Gabdrakhmanov, Azat"]
[WhiteFideId "1208926"]
[BlackFideId "34189197"]
[WhiteElo "2127"]
[BlackElo "2293"]
[Result "0-1"]
[Round "04"]
[TimeControl "180+2"]
[Date "2022.08.18"]
[WhiteClock "0:00:00"]
[BlackClock "0:00:00"]

1. e4 c5 2. Nf3 e6 3. d4 cxd4 4. Nxd4 a6 5. Be2 Nf6 6. O-O Nxe4 7. Bd3 d5 8. Re1 Be7 9. Nc3 Nc5 10. Qh5 Nbd7 11. Nf5 exf5 12. Nxd5 Ne6 13. Bxf5 Nf6 14. Nxf6+ Bxf6 15. Bxe6 O-O 16. Bxc8 Rxc8 17. c3 b5 18. Be3 b4 19. Rad1 Qc7 20. Bd4 Bxd4 21. cxd4 Rfd8 22. d5 g6 23. Qh6 Qc2 24. Rd2 Qc1 25. Kf1 Qc4+ 26. Kg1 Rxd5 27. Rxd5 Qxd5 28. h3 Qxa2 29. Qf4 Qxb2 30. Re7 Rf8 31. Kh2 a5 32. Ra7 Qa1 33. h4 h5 34. g4 hxg4 35. h5 Qh8 36. h6 Kh7 37. Rxf7+ Rxf7 38. Qxf7+ Kxh6 39. Kg3 Qe5+ 40. Kg2 Qe4+ 41. Kg1 Qb1+ 42. Kg2 Qe4+ 43. Kg1 Qb1+ 44. Kg2 Qf5 45. Kg1 Qxf7 0-1


[Site "https://www.chess.com"]

[Event "Titled Tuesday Blitz August 16 Early 2022"]
[White "Demchenko, Anton"]
[Black "Secer, Ata"]
[WhiteFideId "4160258"]
[BlackFideId "6303293"]
[WhiteElo "2539"]
[BlackElo "2282"]
[Result "1-0"]
[Round "04"]
[TimeControl "180+1"]
[Date "2022.08.16"]
[WhiteClock "0:00:23"]
[BlackClock "0:00:02"]

1. e4 c5 2. Nf3 e6 3. g3 Nc6 4. Bg2 Nf6 5. Qe2 d6 6. O-O Be7 7. c3 O-O 8. Rd1 Bd7 9. d4 cxd4 10. cxd4 d5 11. e5 Ne4 12. Be3 Rc8 13. Ne1 f5 14. f3 Ng5 15. Nc3 Na5 16. Nd3 Nc4 17. Bf2 b5 18. Rac1 b4 19. Nb1 Bb5 20. Qe1 a5 21. b3 Nb6 22. Nc5 Nd7 23. a3 Nxc5 24. dxc5 bxa3 25. Nxa3 Ba6 26. Bd4 Qc7 27. Rc3 Rb8 28. Nc2 Nf7 29. f4 Nd8 30. Bf2 Nc6 31. Nd4 Nxd4 32. Bxd4 Rb4 33. Qe3 Rfb8 34. Ra1 Bb5 35. h3 Bc6 36. Kh2 a4 37. bxa4 Bxa4 38. c6 h6 39. h4 Kh7 40. Kh3 Ra8 41. h5 Ra6 42. Rac1 Bb5 43. Bc5 Bxc5 44. Qxc5 Raa4 45. Qd6 Ra7 46. Qxe6 Bc4 47. Qxf5+ Kg8 48. Rxc4 1-0


[Site "https://www.chess.com"]

[Event "Titled Tuesday Blitz August 16 Early 2022"]
[White "Derjabin, Ilja"]
[Black "Sailer, Mike"]
[WhiteFideId "14104768"]
[BlackFideId "2012901"]
[WhiteElo "2341"]
[BlackElo "2109"]
[Result "0-1"]
[Round "04"]
[TimeControl "180+2"]
[Date "2022.08.18"]
[WhiteClock "0:00:00"]
[BlackClock "0:00:00"]

1. d4 d5 2. c4 Bf5 3. cxd5 Bxb1 4. Rxb1 Qxd5 5. Nf3 Nc6 6. e3 e5 7. Qa4 Bb4+ 8. Bd2 Bxd2+ 9. Kxd2 exd4 10. Nxd4 O-O-O 11. Rc1 Nxd4 12. exd4 Qxd4+ 13. Qxd4 Rxd4+ 14. Kc3 Rd6 15. Bc4 Nf6 16. f3 Nd5+ 17. Kb3 Rb6+ 18. Ka3 Ne3 19. Bxf7 Rd8 20. Rhe1 Rd3+ 21. Rc3 Rxc3+ 22. bxc3 Nc2+ 0-1


[Site "https://www.chess.com"]

[Event "Titled Tuesday Blitz August 16 Early 2022"]
[White "Diaz Perez, Michel Alejandro"]
[Black "Ibarra Jerez, Jose Carlos"]
[WhiteFideId "3517179"]
[BlackFideId "2226332"]
[WhiteElo "2313"]
[BlackElo "2628"]
[Result "0-1"]
[Round "04"]
[TimeControl "180+1"]
[Date "2022.08.16"]
[WhiteClock "0:00:01"]
[BlackClock "0:00:12"]

1. e4 c5 2. Nf3 Nf6 3. e5 Nd5 4. c4 Nb4 5. a3 N4c6 6. Nc3 g6 7. d3 Bg7 8. Bf4 Nd4 9. Nxd4 cxd4 10. Nb5 Nc6 11. e6 d6 12. exf7+ Kxf7 13. a4 Re8 14. Be2 a6 15. Na3 e5 16. Bg3 Qa5+ 17. Qd2 Bh6 18. Qxa5 Nxa5 19. Nc2 Nb3 20. Ra3 Nc1 21. Bf3 Bf5 22. Be4 Bxe4 23. dxe4 Rac8 24. b3 b5 25. axb5 axb5 26. Nb4 bxc4 27. bxc4 Rxc4 28. Nd5 Rb8 29. Ra7+ Kf8 30. Nf6 Rb1 31. Bh4 g5 32. Nxh7+ Ke8 33. Nxg5 Rc2 34. Ra8+ Kd7 35. Ra7+ Kc6 36. Kd1 d3 37. Ra1 Rxa1 0-1


[Site "https://www.chess.com"]

[Event "Titled Tuesday Blitz August 16 Early 2022"]
[White "Drygalov, Sergey"]
[Black "Fernandez, Fernando"]
[WhiteFideId "24171743"]
[BlackFideId "3802299"]
[WhiteElo "2523"]
[BlackElo "2292"]
[Result "1-0"]
[Round "04"]
[TimeControl "180+1"]
[Date "2022.08.16"]
[WhiteClock "0:00:09"]
[BlackClock "0:00:03"]

1. d4 d5 2. c4 e6 3. Nf3 Nf6 4. Nc3 Be7 5. Bf4 O-O 6. e3 Nbd7 7. a3 c5 8. cxd5 Nxd5 9. Nxd5 exd5 10. dxc5 Nxc5 11. Be5 Bf5 12. Be2 Bf6 13. Bxf6 Qxf6 14. Qd4 Qxd4 15. Nxd4 Be4 16. f3 Bg6 17. Kd2 Ne6 18. Rac1 Nxd4 19. exd4 Rac8 20. Rhe1 Rfd8 21. Bb5 Kf8 22. Ba4 Bf5 23. Bb3 Be6 24. h4 Rxc1 25. Rxc1 Ke7 26. Re1 Kd6 27. g4 f6 28. Bc2 h6 29. Bd3 Re8 30. Rc1 Rc8 31. Rg1 Rf8 32. h5 Bd7 33. f4 a6 34. Ke3 Re8+ 35. Kf3 Bb5 36. Bg6 Re7 37. Bf5 a5 38. g5 fxg5 39. fxg5 Rf7 40. gxh6 Rxf5+ 41. Kg4 Bd7 42. h7 Rf8+ 43. Kh4 Bf5 44. Rxg7 Rh8 45. Rxb7 Rxh7 46. Rb6+ Kc7 47. Ra6 Bc8 48. Rxa5 Bb7 49. Rc5+ Kd6 50. Kg5 Ba6 51. h6 Bd3 52. b4 Rh8 53. b5 Rg8+ 54. Kf4 Rh8 55. Rc6+ Kd7 56. a4 Rg8 57. Ke5 Rg5+ 58. Kf4 Rh5 59. Rf6 Be4 60. a5 Kc7 61. a6 Bd3 62. b6+ Kd7 63. a7 1-0


[Site "https://www.chess.com"]

[Event "Titled Tuesday Blitz August 16 Early 2022"]
[White "Eynullayev, Altay"]
[Black "Begunov, Konstantin"]
[WhiteFideId "13413562"]
[BlackFideId "4118510"]
[WhiteElo "2079"]
[BlackElo "2262"]
[Result "0-1"]
[Round "04"]
[TimeControl "180+2"]
[Date "2022.08.18"]
[WhiteClock "0:00:00"]
[BlackClock "0:00:00"]

1. e4 c5 2. Nf3 d6 3. d4 cxd4 4. Nxd4 Nf6 5. Nc3 a6 6. g3 e5 7. Nde2 b5 8. Bg2 Bb7 9. O-O Nbd7 10. Nd5 Bxd5 11. exd5 g6 12. a4 Bg7 13. Be3 O-O 14. Qd3 b4 15. a5 Qc7 16. Rfc1 Nc5 17. Qd1 Ng4 18. Qd2 Nxe3 19. Qxe3 f5 20. c3 Nb3 21. cxb4 Nxc1 22. Rxc1 Qb7 23. Rc4 Rac8 24. Qc1 Rxc4 25. Qxc4 Rc8 26. Qb3 Rb8 27. Qd3 Qb5 28. Qxb5 Rxb5 29. Nc1 Rxb4 30. Nd3 Rb3 31. Bf1 e4 32. Nf4 Rxb2 33. Bxa6 Bd4 34. Be2 e3 35. fxe3 Bxe3+ 36. Kf1 Bxf4 37. gxf4 Rb4 38. a6 Rxf4+ 39. Ke1 Ra4 40. Kd2 Kf7 41. Kc3 Kf6 42. Kb3 Ra1 43. Kb2 Ra5 44. Kb3 f4 45. Kb4 Ra1 46. Bb5 f3 47. Ba4 f2 48. a7 Rxa4+ 49. Kxa4 f1=Q 50. Ka5 Qa1+ 51. Kb6 Ke5 52. Kb7 Kxd5 53. a8=Q Qxa8+ 54. Kxa8 Kc6 0-1


[Site "https://www.chess.com"]

[Event "Titled Tuesday Blitz August 16 Early 2022"]
[White "Eynullayev, Atilla"]
[Black "Langner, Ladislav"]
[WhiteFideId "13413570"]
[BlackFideId "300403"]
[WhiteElo "1936"]
[BlackElo "2346"]
[Result "1-0"]
[Round "04"]
[TimeControl "180+2"]
[Date "2022.08.18"]
[WhiteClock "0:00:00"]
[BlackClock "0:00:00"]

1. e4 c5 2. Nf3 e6 3. g3 d5 4. exd5 exd5 5. Bg2 Nc6 6. O-O Nf6 7. Re1+ Be7 8. d4 O-O 9. dxc5 Bxc5 10. h3 h6 11. Be3 Bd6 12. c3 Bf5 13. Nbd2 Qd7 14. Kh2 Rfe8 15. Nb3 Ne4 16. Nbd4 Bg6 17. Nh4 Bh7 18. Qg4 Qxg4 19. hxg4 Ne5 20. Kh3 Nd3 21. Re2 Nexf2+ 22. Rxf2 Rxe3 23. Rf3 Nf2+ 24. Rxf2 Rxg3+ 25. Kh2 Rxg4+ 26. Kh3 Rg3+ 27. Kh2 Rxc3+ 28. Kh1 Rc4 29. Nhf5 Bc5 30. Rd2 Bxf5 31. Nxf5 g6 32. Bxd5 Rf4 33. Ng3 Re8 34. Rf1 Rh4+ 35. Kg2 Re7 36. Rc2 b6 37. Rc4 Rxc4 38. Bxc4 Kg7 39. Rf4 f5 40. Rf3 Kf6 41. Ne2 g5 42. Nc3 Rd7 43. Nd5+ Ke5 44. Rd3 1-0


[Site "https://www.chess.com"]

[Event "Titled Tuesday Blitz August 16 Early 2022"]
[White "Fawzy, Adham"]
[Black "Sharapov, Evgeny"]
[WhiteFideId "10613129"]
[BlackFideId "14103133"]
[WhiteElo "2541"]
[BlackElo "2367"]
[Result "1-0"]
[Round "04"]
[TimeControl "180+2"]
[Date "2022.08.18"]
[WhiteClock "0:00:00"]
[BlackClock "0:00:00"]

1. e4 c5 2. c4 e5 3. Nc3 Nc6 4. g3 g6 5. Bg2 Bg7 6. Nge2 Nge7 7. d3 O-O 8. O-O d6 9. a3 a5 10. Rb1 Rb8 11. Be3 Be6 12. Qd2 f5 13. Nd5 Bxd5 14. exd5 Nd4 15. Nxd4 exd4 16. Bg5 Bf6 17. Rfe1 Bxg5 18. Qxg5 Nc8 19. Qxd8 Rxd8 20. b4 axb4 21. axb4 b6 22. b5 Ra8 23. Ra1 Rxa1 24. Rxa1 Kf7 25. h4 h5 26. Ra8 Ke7 27. f3 Kd7 28. Bh3 Kc7 29. g4 fxg4 30. fxg4 Kb7 31. Ra2 Rf8 32. gxh5 gxh5 33. Rg2 Rf7 34. Rg6 Kc7 35. Bxc8 Kxc8 36. Rxd6 Kc7 37. Rc6+ Kb7 38. d6 1-0


[Site "https://www.chess.com"]

[Event "Titled Tuesday Blitz August 16 Early 2022"]
[White "Fernandez Siles, Luis"]
[Black "Korelskiy, Egor"]
[WhiteFideId "2209420"]
[BlackFideId "34329064"]
[WhiteElo "2211"]
[BlackElo "2077"]
[Result "0-1"]
[Round "04"]
[TimeControl "180+2"]
[Date "2022.08.18"]
[WhiteClock "0:00:00"]
[BlackClock "0:00:00"]

1. e4 c5 2. Nf3 e6 3. c3 d5 4. exd5 exd5 5. d4 Nf6 6. Be3 Qc7 7. Bd3 Bd6 8. dxc5 Bxc5 9. Bxc5 Qxc5 10. Qe2+ Be6 11. Nd4 Qe7 12. O-O O-O 13. Re1 Re8 14. Nd2 Nc6 15. N2f3 Qd6 16. Qc2 h6 17. Bf5 Rac8 18. Bxe6 fxe6 19. Nxc6 bxc6 20. Ne5 Ne4 21. f4 Qc5+ 22. Kf1 Rf8 23. Nd3 Qe7 24. g3 e5 25. Kg2 exf4 26. Nxf4 Rce8 27. Qe2 Qg5 28. Rf1 Nxg3 0-1


[Site "https://www.chess.com"]

[Event "Titled Tuesday Blitz August 16 Early 2022"]
[White "Fier, Alexandr"]
[Black "Estrada Nieto, Julian"]
[WhiteFideId "2107139"]
[BlackFideId "5101018"]
[WhiteElo "2598"]
[BlackElo "2252"]
[Result "1-0"]
[Round "04"]
[TimeControl "180+2"]
[Date "2022.08.18"]
[WhiteClock "0:00:00"]
[BlackClock "0:00:00"]

1. d4 d5 2. Bg5 h6 3. Bh4 c6 4. e3 Qb6 5. Qc1 e5 6. Nf3 e4 7. Nfd2 Ne7 8. Bxe7 Bxe7 9. c4 O-O 10. Nc3 Be6 11. c5 Qc7 12. b4 b6 13. g3 Nd7 14. Nb3 a5 15. a3 axb4 16. axb4 Qb7 17. Rb1 bxc5 18. bxc5 Rfb8 19. Be2 Bh3 20. Bf1 Bxf1 21. Kxf1 Qa7 22. Kg2 Qa3 23. Qc2 Nf6 24. Rb2 Qa7 25. Rhb1 Qd7 26. Qd1 h5 27. h4 Qf5 28. Ne2 Ng4 29. Nf4 Kh7 30. Nd2 Rxb2 31. Rxb2 Ra3 32. Nf1 Bd8 33. Qb1 Bc7 34. Nh3 f6 35. Kg1 Nxe3 36. fxe3 Qxh3 37. Rg2 Ba5 38. Qd1 g6 39. Qc1 Bb4 40. Qb1 Bc3 41. Qb7+ Kh6 42. Qb8 1-0


[Site "https://www.chess.com"]

[Event "Titled Tuesday Blitz August 16 Early 2022"]
[White "Fiorito, Joaquin"]
[Black "Piesik, Piotr"]
[WhiteFideId "180173"]
[BlackFideId "1136194"]
[WhiteElo "1758"]
[BlackElo "2221"]
[Result "0-1"]
[Round "04"]
[TimeControl "180+2"]
[Date "2022.08.18"]
[WhiteClock "0:00:00"]
[BlackClock "0:00:00"]

1. e4 g6 2. d4 Bg7 3. Nc3 c6 4. f4 d5 5. e5 Nh6 6. Nf3 Bg4 7. Be3 Nf5 8. Bf2 h5 9. Bd3 e6 10. O-O Nd7 11. a3 a5 12. Nb1 b5 13. Nbd2 a4 14. c3 Nb6 15. h3 Bxf3 16. Nxf3 Nc4 17. Qe2 h4 18. Ng5 Bf8 19. Rab1 Be7 20. Nf3 Kd7 21. Nd2 Qb6 22. Nxc4 bxc4 23. Bc2 Qb5 24. Rfd1 Rab8 25. Re1 Rb7 26. Qd1 Ra8 27. Bxf5 gxf5 28. Qh5 Rbb8 29. Qxf7 Rf8 30. Qh5 Rh8 31. Qf3 Rhg8 32. Kh1 Rab8 33. Qh5 Qa6 34. Qf3 Rb3 35. Qh5 Qc8 36. Qf3 Qe8 37. Kh2 Qg6 38. Kh1 Rgb8 39. Qe2 Bxa3 40. Ra1 Bxb2 41. Rxa4 Bxc3 42. Rc1 Rb2 43. Qf3 Bb4 44. Ra7+ Ke8 45. Bxh4 Bf8 46. Bg5 Bh6 47. Qg3 Bxg5 48. Qxg5 Qxg5 49. fxg5 Rb1 50. Rxb1 Rxb1+ 51. Kh2 c3 52. g6 Kf8 53. Ra2 Rb2 54. Ra1 c2 55. Rc1 Kg7 56. Kg3 Kxg6 57. Kf4 Kh5 58. g4+ fxg4 59. hxg4+ Kg6 60. g5 Ra2 61. Kg4 c5 62. dxc5 Ra4+ 63. Kf3 Rc4 64. Ke3 Kxg5 65. Kd3 Rxc5 66. Kd4 Rc4+ 67. Kd3 Kf5 0-1


[Site "https://www.chess.com"]

[Event "Titled Tuesday Blitz August 16 Early 2022"]
[White "Garrido, Denis"]
[Black "Martic, Ivan"]
[WhiteFideId "601217"]
[BlackFideId "929301"]
[WhiteElo "2205"]
[BlackElo "2355"]
[Result "0-1"]
[Round "04"]
[TimeControl "180+2"]
[Date "2022.08.18"]
[WhiteClock "0:00:00"]
[BlackClock "0:00:00"]

1. c4 g6 2. Nc3 Bg7 3. d4 d6 4. Nf3 Nf6 5. Bf4 O-O 6. h3 c5 7. d5 Bf5 8. Nd2 e5 9. Bh2 h5 10. e4 Bd7 11. Bd3 Bh6 12. a3 Bc8 13. b4 b6 14. Bg1 Na6 15. Rb1 Nc7 16. bxc5 bxc5 17. Be2 Nh7 18. g4 h4 19. f3 Bf4 20. Nb3 Bg3+ 21. Kd2 Ng5 22. Na5 Nxd5 23. Nc6 Nxc3 24. Kxc3 Qc7 25. Qd5 Be6 0-1


[Site "https://www.chess.com"]

[Event "Titled Tuesday Blitz August 16 Early 2022"]
[White "Gheorghiu, Calin"]
[Black "Kuchava, Ana"]
[WhiteFideId "1200305"]
[BlackFideId "13605348"]
[WhiteElo "2168"]
[BlackElo "1955"]
[Result "1-0"]
[Round "04"]
[TimeControl "180+2"]
[Date "2022.08.18"]
[WhiteClock "0:00:00"]
[BlackClock "0:00:00"]

1. d4 d5 2. Nc3 Nf6 3. Bf4 Bf5 4. e3 e6 5. Bd3 Bxd3 6. cxd3 c6 7. Nf3 Bd6 8. Ne5 O-O 9. g4 Qc7 10. Qf3 Nbd7 11. Qg3 a6 12. h4 c5 13. h5 cxd4 14. exd4 Qb6 15. Nxd7 Qxb2 16. Nxf6+ gxf6 17. O-O Bxf4 18. Qxf4 Qxc3 19. Rad1 Kg7 20. g5 fxg5 21. Qxg5+ Kh8 22. Qf6+ Kg8 23. h6 1-0


[Site "https://www.chess.com"]

[Event "Titled Tuesday Blitz August 16 Early 2022"]
[White "Ginzburg, Yakov"]
[Black "Zenin, Dmitry"]
[WhiteFideId "4157176"]
[BlackFideId "4127897"]
[WhiteElo "2265"]
[BlackElo "2215"]
[Result "1-0"]
[Round "04"]
[TimeControl "180+2"]
[Date "2022.08.18"]
[WhiteClock "0:00:00"]
[BlackClock "0:00:00"]

1. e4 g6 2. d4 Bg7 3. h4 c5 4. d5 h5 5. c3 d6 6. Bb5+ Bd7 7. Bxd7+ Nxd7 8. Bg5 Ngf6 9. Nd2 b5 10. Ngf3 Qb6 11. O-O O-O 12. Re1 Rfe8 13. Qc2 Rac8 14. a4 a6 15. axb5 axb5 16. b3 Ng4 17. Ra2 c4 18. Re2 cxb3 19. Nxb3 Rxc3 20. Qb1 Kf8 21. Bd2 Rc4 22. Na5 Rc7 23. Nc6 Rcc8 24. Ba5 Qb7 25. Nfd4 Nde5 26. Rec2 Nxc6 27. dxc6 Qb8 28. Nxb5 Ne5 29. c7 Qb7 30. Rcb2 Nc4 31. Nxd6 Qa7 32. Nxc4 1-0


[Site "https://www.chess.com"]

[Event "Titled Tuesday Blitz August 16 Early 2022"]
[White "Girinath, P.D.S."]
[Black "Schut, Han"]
[WhiteFideId "5000572"]
[BlackFideId "1005561"]
[WhiteElo "2369"]
[BlackElo "2024"]
[Result "1-0"]
[Round "04"]
[TimeControl "180+2"]
[Date "2022.08.18"]
[WhiteClock "0:00:00"]
[BlackClock "0:00:00"]

1. e4 c5 2. Nf3 d6 3. Bb5+ Bd7 4. Bxd7+ Qxd7 5. O-O g6 6. c3 Bg7 7. d4 cxd4 8. cxd4 Nf6 9. Nc3 d5 10. e5 Ne4 11. Nxe4 dxe4 12. Ng5 Nc6 13. Be3 Rd8 14. Nxe4 Nxd4 15. Bxd4 Qxd4 16. Nd6+ Rxd6 17. exd6 Qxd6 18. Qa4+ Qc6 19. Qxc6+ bxc6 20. Rfd1 c5 21. Rac1 Bd4 22. b4 e5 23. bxc5 Kd7 24. c6+ Kc7 25. Kf1 Rb8 26. f4 f6 27. fxe5 fxe5 28. Ke2 Rb2+ 29. Kd3 Rxa2 30. Rf1 Rf2 31. Rxf2 Bxf2 32. Ke4 Bd4 33. Kd5 a5 34. Rb1 a4 35. Rb7+ Kc8 36. Rxh7 a3 37. Kd6 1-0


[Site "https://www.chess.com"]

[Event "Titled Tuesday Blitz August 16 Early 2022"]
[White "Golubev, Mikhail"]
[Black "Zaksaite, Salomeja"]
[WhiteFideId "14100983"]
[BlackFideId "12801496"]
[WhiteElo "2374"]
[BlackElo "1953"]
[Result "1-0"]
[Round "04"]
[TimeControl "180+2"]
[Date "2022.08.18"]
[WhiteClock "0:00:00"]
[BlackClock "0:00:00"]

1. d4 Nf6 2. c4 g6 3. f3 Bg7 4. e4 c5 5. Ne2 O-O 6. Nbc3 d6 7. Be3 b6 8. d5 e6 9. Qd2 exd5 10. cxd5 a6 11. a4 Bb7 12. Ng3 Nbd7 13. Be2 Ne8 14. O-O Nc7 15. f4 f5 16. exf5 gxf5 17. Nh5 Nf6 18. Nxg7 Kxg7 19. Bf3 Re8 20. Rad1 Qd7 21. Bf2 Ne4 22. Bxe4 fxe4 23. f5 Kh8 24. Bh4 Qf7 25. Qh6 Rf8 26. Qxd6 Ne8 27. Qe5+ Ng7 28. g4 Rae8 29. Qf4 e3 30. Rde1 e2 31. Rf2 1-0


[Site "https://www.chess.com"]

[Event "Titled Tuesday Blitz August 16 Early 2022"]
[White "Gomez Ledo, Roberto Carlos"]
[Black "Petrovic, Aleksa"]
[WhiteFideId "3507076"]
[BlackFideId "967629"]
[WhiteElo "2379"]
[BlackElo "2262"]
[Result "1-0"]
[Round "04"]
[TimeControl "180+2"]
[Date "2022.08.18"]
[WhiteClock "0:00:00"]
[BlackClock "0:00:00"]

1. d4 e6 2. Nf3 c5 3. c3 Nf6 4. Bf4 b6 5. e3 Bb7 6. h3 Be7 7. Nbd2 O-O 8. Bd3 Nc6 9. Qe2 cxd4 10. exd4 Nd5 11. Bh2 f5 12. O-O Qe8 13. a3 g5 14. Ba6 Bxa6 15. Qxa6 g4 16. hxg4 fxg4 17. Ne5 Nxe5 18. Bxe5 Qh5 19. Qe2 d6 20. Bg3 Rf6 21. Ne4 Rh6 22. f3 Rf8 23. Kf2 gxf3 24. gxf3 Nf6 25. Rh1 Qxh1 26. Rxh1 Rxh1 27. Nxd6 Bxd6 28. Qxe6+ Kg7 29. Bxd6 Re8 30. Be7 Ng8 31. Qg4+ Kf7 32. Bg5 Ree1 33. Qf5+ Kg7 34. d5 Rhf1+ 35. Kg3 h6 36. Bh4 Rg1+ 37. Kf4 Re8 38. Qd7+ Kf8 39. d6 Rg7 40. Qc6 Rf7+ 41. Kg3 Nf6 42. Bxf6 Rxf6 43. Qc7 Rg6+ 44. Kf2 Rg7 45. d7 1-0


[Site "https://www.chess.com"]

[Event "Titled Tuesday Blitz August 16 Early 2022"]
[White "Grot, Blazej"]
[Black "Taspinar, Yanki"]
[WhiteFideId "21835845"]
[BlackFideId "34561188"]
[WhiteElo "1614"]
[BlackElo "1549"]
[Result "1/2-1/2"]
[Round "04"]
[TimeControl "180+2"]
[Date "2022.08.18"]
[WhiteClock "0:00:00"]
[BlackClock "0:00:00"]

1. e4 e6 2. d3 d5 3. Nd2 Nf6 4. Ngf3 Nbd7 5. g3 c5 6. Bg2 Bd6 7. O-O O-O 8. Re1 Qc7 9. c3 b5 10. Qc2 Bb7 11. h4 Ng4 12. Nf1 c4 13. exd5 Bxd5 14. d4 Ndf6 15. Ne3 Nxe3 16. Bxe3 Qb7 17. Qe2 Ng4 18. Bd2 f5 19. Bf4 Bxf4 20. gxf4 Rae8 21. a4 a6 22. axb5 axb5 23. Ra5 Nf6 24. Rea1 Ra8 25. Rxa8 Rxa8 26. Rxa8+ Qxa8 27. Ng5 Ne4 28. Bxe4 Bxe4 29. Nxe4 fxe4 30. Kh2 Qd5 31. Qg4 Kf7 32. Qg5 h6 33. Qg4 g6 34. Kg3 Kf6 35. Kh2 h5 36. Qg3 Qf5 37. Qe3 Qd5 38. Qg3 Kf7 39. Qg5 Qf5 40. Kg3 Ke8 41. Qh6 Qg4+ 42. Kh2 Qxh4+ 43. Kg2 Qg4+ 44. Kh2 Qf5 45. Qh8+ Qf8 46. Qe5 Qf5 47. Qh8+ Ke7 48. Qg7+ Qf7 49. Qe5 Qf6 50. Qxe4 Qf5 51. Qe5 Qxe5 52. fxe5 g5 53. Kg3 Kf7 54. f3 Kg6 55. Kh3 Kf5 56. Kg3 h4+ 57. Kh3 Kf4 58. Kg2 Kf5 59. Kh3 Kf4 60. Kg2 Kf5 61. Kh3 1/2-1/2


[Site "https://www.chess.com"]

[Event "Titled Tuesday Blitz August 16 Early 2022"]
[White "Gubanov, Oleg"]
[Black "Dushyant Sharma"]
[WhiteFideId "14115115"]
[BlackFideId "25065130"]
[WhiteElo "2080"]
[BlackElo "2133"]
[Result "0-1"]
[Round "04"]
[TimeControl "180+2"]
[Date "2022.08.18"]
[WhiteClock "0:00:00"]
[BlackClock "0:00:00"]

1. d4 d5 2. Nc3 e6 3. Bf4 f5 4. e3 Bd6 5. Qf3 Nf6 6. Bg5 O-O 7. O-O-O c5 8. Bxf6 Qxf6 9. dxc5 Be5 10. Nge2 Nd7 11. Na4 b5 12. Nac3 Nxc5 13. Nd4 Ne4 14. Nxe4 dxe4 15. Qe2 Bd7 16. g3 Rac8 17. Kb1 Rfd8 18. Qd2 Be8 19. Qb4 Bd6 20. Qb3 Bf7 21. Nxb5 Bxg3 22. Rxd8+ Rxd8 23. Bc4 Bxf2 24. Nc7 Qe5 25. Nxe6 Rb8 0-1


[Site "https://www.chess.com"]